 Dungeon Crawl Stone Soup version 0.29.0-3-gbb0933ed62 (webtiles) character file.

Game seed: 9616368262730589148

1156 Megaraah the Conjurer (level 8, -1/54 HPs)
             Began as an Octopode Conjurer on Aug 25, 2022.
             Slain by an orc
             ... wielding a +0 dagger
              (3 damage)
             ... on level 6 of the Dungeon.
             The game lasted 00:13:17 (5705 turns).

Megaraah the Conjurer (Octopode Conjurer)           Turns: 5705, Time: 00:13:18

Health: -1/54      AC:  1    Str:  7    XL:     8   Next: 39%
Magic:  5/21       EV: 15    Int: 22    God:
Gold:   195        SH:  0    Dex: 16    Spells: 6/13 levels left

rFire   . . .      SeeInvis .   n - +1 dagger (speed)
rCold   . . .      Faith    .   (no shield)
rNeg    . . .      Spirit   .   (helmet restricted)
rPois   .          Reflect  .   (no amulet)
rElec   .          Harm     .   a - ring of magical power
rCorr   .          Rampage  .   C - +6 ring of dexterity
Will    .....                   (no ring)
Stlth   ++++......              (no ring)
HPRegen 0.18/turn               (no ring)
MPRegen 0.17/turn               (no ring)
                                (no ring)
                                (no ring)

@: no status effects
A: almost no armour, amphibious, 8 rings, camouflage 1, gelatinous body 1,
(nimble swimmer 1), tentacles
a: no special abilities


You were on level 6 of the Dungeon.
You visited 1 branch of the dungeon, and saw 7 of its levels.

You collected 195 gold pieces.

Inventory:

Hand Weapons
 c - a +0 short sword
 k - a +1 dagger
 n - a +1 dagger of speed (weapon)
Jewellery
 a - a ring of magical power (left tentacle)
 u - a +4 ring of slaying
 A - an amulet of guardian spirit
 C - a +6 ring of dexterity (right tentacle)
Wands
 y - a wand of mindburst (12)
 B - a wand of roots (6)
Scrolls
 b - a scroll of immolation
 e - 3 scrolls of enchant weapon
 m - a scroll of amnesia {unknown}
 p - a scroll of noise
 t - a scroll of fear {unknown}
 w - a scroll of fog {unknown}
Potions
 h - a potion of degeneration {unknown}
 i - a potion of ambrosia
 o - a potion of experience {unknown}
 q - 2 potions of attraction
 r - a potion of resistance {unknown}
 s - a potion of brilliance {unknown}
 v - a potion of curing
 x - a potion of cancellation
 z - a potion of mutation {unknown}
 D - a potion of haste {unknown}


   Skills:
 + Level 3.9 Fighting
 + Level 4.5 Dodging
 - Level 5.0 Stealth
 - Level 3.2 Spellcasting
 - Level 6.4 Conjurations
 - Level 3.8 Hexes


You had 6 spell levels left.
You knew the following spells:

 Your Spells              Type           Power      Damage    Failure   Level
a - Magic Dart            Conj           100%       1d8       1%          1
b - Searing Ray           Conj           62%        2d6       1%          2
c - Fulminant Prism       Conj/Hex       13%        3d9       14%         4

Your spell library contained the following spells:

 Spells                   Type           Power      Damage    Failure   Level
 Dazzling Flash           Conj/Hex       52%        N/A       4%          3
 Iskenderun's Mystic Bla  Conj/Tloc      17%        2d5       32%         4
 Gell's Gravitas          Tloc           3%         N/A       36%         3
 Teleport Other           Tloc           3%         N/A       36%         3
 Dispersal                Tloc           1%         N/A       100%        6


Dungeon Overview and Level Annotations

Branches:
Dungeon (7/15)
 Temple: D:4-7

Altars:
Elyvilon
Okawaru

Annotations:
D:4 Edmund
D:5 1 runed translucent door


Innate Abilities, Weirdness & Mutations

You cannot wear most types of armour.
You are amphibious.
You can wear up to eight rings at the same time.
Your skin changes colour to match your surroundings (Stealth+).
Your rubbery body absorbs attacks. (AC +1, EV +1)
((You are camouflaged when in or above water. (Stealth+)))
You have tentacles for arms and can constrict up to eight enemies at once.


Message History

The orc misses you. The orc wizard closely misses you.
There is a stone staircase leading up here.
You feel better. The orc hits you but does no damage.
The orc completely misses you. The orc wizard casts a spell at you.
You resist with some effort. The orc barely misses you.
The orc hits you with a +0 dagger.
* * * LOW HITPOINT WARNING * * *
The orc wizard closely misses you.
You climb upwards.
Found a scroll labelled MUUSOTUAZE.
There is a stone staircase leading down here.
You hit the orc. You grab the orc.
The orc is lightly wounded.
You constrict the orc. The orc hits you with a +0 short sword.
* * * LOW HITPOINT WARNING * * *
The orc barely misses you.
You hit the orc but do no damage.
The orc is moderately wounded.
You constrict the orc, but do no damage.
The orc hits you with a +0 dagger.
* * * LOW HITPOINT WARNING * * *
Casting: Searing Ray (safe; 1% risk of failure)
Confirm with . or Enter, or press ? or * to list all spells.
Aiming: Searing Ray (safe; 1% risk of failure)
Press: ? - help, Shift-Dir - straight line, f - orc
Aim: an orc, wielding a +0 short sword and wearing a +2 leather armour of willpower (79% to hit)
The searing ray misses the orc wizard.
The searing ray hits the orc.
The orc is almost dead. (Press . to maintain the ray.)
You constrict the orc, but do no damage.
The orc hits you with a +0 dagger.
* * * LOW HITPOINT WARNING * * *
The searing ray hits the orc wizard.
The orc wizard is moderately wounded.
The searing ray hits the orc.
You kill the orc!
You constrict the orc. The orc wizard completely misses you.
The orc hits you with a +0 dagger.
You die...

. .. ?. .. .
.##
....#####...#
......o@o)..#
....#####.....#
. #####


You could see an orc wizard and an orc.

Vanquished Creatures
  A steam dragon (D:6)
  A sky beast (D:6)
  An ice beast (D:4)
  A centaur (D:5)
  A necrophage (D:4)
  A scorpion (D:5)
  A quasit (D:5)
  3 hounds
  An orc priest (D:6)
  2 iguanas (D:5)
  Natasha (D:3)
  5 orc wizards
  6 adders
  3 gnolls (D:5)
  5 shadow imps
  4 white imps (D:5)
  2 ufetubi (D:5)
  2 worms
  8 dart slugs
  14 orcs
  5 endoplasms
  A giant cockroach (D:3)
  6 goblins
  6 hobgoblins
  3 jackals (D:2)
  6 quokkas
  4 ball pythons
  6 bats
  3 frilled lizards (D:2)
  10 kobolds
  8 rats
121 creatures vanquished.

Vanquished Creatures (others)
  3 demonic plants (D:5)
  9 fulminant prisms
12 creatures vanquished.

Grand Total: 133 creatures vanquished

Notes
Turn   | Place    | Note
-------+----------+-------------------------------------------
     0 | D:1      | Megaraah the Octopode Conjurer began the quest for the Orb.
     0 | D:1      | Reached XP level 1. HP: 11/11 MP: 3/3
   137 | D:1      | Reached XP level 2. HP: 10/17 MP: 5/5
   957 | D:1      | Reached XP level 3. HP: 21/21 MP: 6/6
  1329 | D:2      | Found a faded altar of an unknown god.
  1702 | D:2      | Reached XP level 4. HP: 27/27 MP: 4/8
  1705 | D:2      | Learned a level 2 spell: Searing Ray
  1710 | D:2      | Learned a level 4 spell: Fulminant Prism
  2377 | D:3      | Reached XP level 5. HP: 31/31 MP: 9/9
  2431 | D:3      | Noticed Natasha
  2441 | D:3      | Killed Natasha
  2866 | D:3      | Reached skill level 5 in Stealth
  3026 | D:3      | Reached skill level 5 in Conjurations
  3348 | D:4      | Noticed an ice beast
  3353 | D:4      | Killed an ice beast
  3354 | D:4      | Reached skill level 1 in Hexes
  3354 | D:4      | Reached XP level 6. HP: 20/36 MP: 10/10
  3762 | D:4      | Found a white marble altar of Elyvilon.
  3934 | D:4      | Noticed Edmund
  3941 | D:5      | Entered Level 5 of the Dungeon
  4028 | D:5      | Reached skill level 6 in Conjurations
  4154 | D:5      | Reached XP level 7. HP: 41/41 MP: 11/11
  4206 | D:4      | HP: 1/41 [hound (4)]
  4748 | D:5      | Found a runed translucent door.
  5149 | D:5      | Reached skill level 1 in Fighting
  5373 | D:5      | Found an iron altar of Okawaru.
  5374 | D:5      | You fall into a shaft and drop 2 floors!
  5491 | D:7      | Reached XP level 8. HP: 51/51 MP: 9/12
  5696 | D:7      | HP: 2/54 [orc/+0 short sword (3)]
  5704 | D:6      | HP: 1/54 [orc/+0 dagger (4)]
  5705 | D:6      | Slain by an orc

Illustrated notes

Levels and vault maps discovered:
D:1:      dpeg_arrival_ratfight, layout_loops_ring
D:2:      layout_rooms, shapermc_ecumenical_altar_notcrosses
D:3:      layout_loops_corners, kennysheep_generic_room_11, uniq_natasha
D:4:      layout_layer_cave, mainiacjoe_overflow_small_starburst,
          nicolae_shop_unique_rings, uniq_crazy_yiuf_cottage, uniq_edmund
D:5:      layout_loops_ring, general_overflow_altar,
          mainiacjoe_overflow_chevrons, ebering_ghost_reflecting_pool,
          serial_demonic, serial_demonic_e, serial_demonic_a, serial_demonic_e,
          serial_demonic_f, uniq_grinder
D:6:      layout_rooms, fedhas_altar_3, minmay_temple_entry_tees, serial_shops,
          nicolae_shop_stone
D:7:      layout_rooms

Skill      XL: |  1  2  3  4  5  6  7  8 |
---------------+-------------------------+-----
Stealth        | 3 4 5 |  5.0
Spellcasting   | 3 |  3.2
Conjurations   | 5 6 |  6.4
Hexes          | 1 3 |  3.8
Fighting       | 2 3 |  3.9
Dodging        | 3 4 |  4.5

Action                   |  1- 3 |  4- 6 |  7- 9 || total
-------------------------+-------+-------+-------++-------
Melee: Unarmed           |     9 |       |       ||     9
       Constrict         |     4 |     7 |     4 ||    15
       Tentacles         |     3 |     3 |     2 ||     8
       Short sword       |     7 |       |       ||     7
       Dagger            |     2 |    30 |    28 ||    60
 Cast: Magic Dart        |    60 |    57 |    38 ||   155
       Searing Ray       |       |     8 |    14 ||    22
       Fulminant Prism   |       |     3 |     6 ||     9
  Use: Scroll            |     1 |       |     6 ||     7
       Potion            |       |     3 |     5 ||     8
 Stab: Sleeping          |     2 |     8 |     1 ||    11
Armor: Skin              |     3 |     2 |     6 ||    11
Dodge: Dodged            |     7 |    21 |    59 ||    87
